 Dungeon Crawl Stone Soup version 0.31-a0-818-ge7c7cf74f0 (webtiles) character file.

Game seed: 13133068226361007171

751 Danienth the Sneak (level 7, -1/53 HPs)
             Began as a Demonspawn Brigand on Sept 22, 2023.
             Killed from afar by Grinder (9 damage)
             ... with a puff of flame
             ... on level 5 of the Dungeon.
             The game lasted 00:17:56 (4443 turns).

Danienth the Sneak (Demonspawn Brigand)             Turns: 4443, Time: 00:17:58

Health: -1/53      AC:  4    Str: 16    XL:     7   Next: 49%
Magic:  4/7        EV: 12    Int: 17    God:
Gold:   151        SH:  0    Dex: 15    Spells: 5/6 levels left

rFire   . . .        x - +1 dagger (venom)
rCold   . . .        (no shield)
rNeg    . . .        m - +0 leather armour
rPois   .            (no helmet)
rElec   .            c - +0 cloak
rCorr   .            (no gloves)
SInv    .            (no boots)
Will    .....        (no amulet)
Stlth   +++          s - +6 ring of strength
HPRegen 0.28/turn    (no ring)
MPRegen 0.10/turn

%: no passive effects
@: no status effects
A: hooves 1, foul stench 2, clever 1
a: no special abilities


You were on level 5 of the Dungeon.
You visited 2 branches of the dungeon, and saw 6 of its levels.

You collected 151 gold pieces.

Inventory:

Hand Weapons
 a - a +2 dagger
 x - a +1 dagger of venom (weapon)
Missiles
 d - 2 poisoned darts (quivered)
 e - 3 curare-tipped darts
 k - 4 boomerangs
Armour
 b - a +0 robe
 c - a +0 cloak (worn)
 m - a +0 leather armour (worn)
Magical Staves
 g - a staff of cold
Jewellery
 i - a ring of fire
 s - a +6 ring of strength (left hand)
 t - a ring of poison resistance
 y - a ring of protection from cold
Talismans
 f - a talisman of death
 u - a beast talisman
Wands
 q - a wand of polymorph (8)
Scrolls
 h - 3 scrolls of poison
 l - 2 scrolls of teleportation
Potions
 j - 3 potions of mutation
 n - a potion of brilliance
 o - a potion of resistance
 r - a potion of enlightenment
 v - a potion of haste {unknown}
 w - a potion of berserk rage {unknown}


   Skills:
 * Level 3.8 Fighting
 + Level 3.5 Short Blades
 - Level 2.0 Throwing
 - Level 3.2 Armour
 * Level 3.3 Dodging
 + Level 5.2 Stealth
 * Level 0.7 Shapeshifting


You had 5 spell levels left.
You knew the following spells:

 Your Spells              Type           Power      Damage    Failure   Level
a - Sting                 Tmut/Pois      0%         1d3       28%         1

Your spell library contained the following spells:

 Spells                   Type           Power      Damage    Failure   Level
 Blink                    Tloc           0%         N/A       38%         2
 Lesser Beckoning         Tloc           0%         N/A       38%         2
 Momentum Strike          Conj/Tloc      0%         3d8       38%         2
 Poisonous Vapours        Pois/Air       0%         N/A       38%         2
 Olgreb's Toxic Radiance  Pois           0%         N/A       95%         4
 Simulacrum               Ice/Necr       0%         N/A       100%        6
 Ozocubu's Refrigeration  Ice            0%         4d7       100%        7
 Polar Vortex             Ice            0%         N/A       100%        9


Dungeon Overview and Level Annotations

Branches:
Dungeon (5/15)             Temple (1/1) D:4

Altars:
Ashenzari
Cheibriados
Fedhas
Gozag
Hepliaklqana
Kikubaaqudgha
Makhleb
Okawaru
Sif Muna
Trog
Uskayaw
Vehumet
Wu Jian
Xom
Yredelemnul

Annotations:
D:4 3 runed translucent doors, javelincjr's ghost, amateur DsSh
D:5 Grinder


Innate Abilities, Weirdness & Mutations

You have large cloven feet.
You sometimes emit foul miasma when damaged in melee.
Your mind is acute. (Int +4, Str/Dex -1)


Message History

Casting: Sting (safe; 28% risk of failure)
Confirm with . or Enter, or press ? or * to list all spells.
You can't see any susceptible monsters within range! (Use Z to cast anyway.)
Casting: Sting (safe; 28% risk of failure)
Confirm with . or Enter, or press ? or * to list all spells.
Aiming: Sting (safe; 28% risk of failure)
Press: ? - help, Shift-Dir - straight line, f - orc
Aim: an orc, wielding a +0 club (64% to hit)
You miscast Sting.
Nothing appears to happen.
Hit: x) +1 dagger (venom)
Press: ? - help, Dir - move target, f/p - orc
Aim: an orc, wielding a +0 club (about 34% to evade your +1 dagger of venom)
You hit the orc.
The orc is poisoned.
You kick the orc.
The orc is heavily wounded.
The orc closely misses you.
Hit: x) +1 dagger (venom)
Press: ? - help, Dir - move target, f/p - orc
Aim: an orc, wielding a +0 club (severely wounded, poisoned, about 34% to evade your +1 dagger of venom)
You hit the orc.
You kill the orc!
You start resting.
Your magical contamination has completely faded away.
A gnoll is nearby!
You see here 2 poisoned darts.
d - 2 poisoned darts
Found a stone staircase leading up.
Grinder shouts!
You hear a shout! x2
Grinder zaps a wand.
The puff of flame hits you. Grinder hits you!
* * * LOW HITPOINT WARNING * * *
You writhe in agony.
* * * LOW HITPOINT WARNING * * *
You emit a cloud of foul miasma!
You are too injured to fight recklessly!
Hit: x) +1 dagger (venom)
Press: ? - help, Dir - move target, f - Grinder
Aim: Grinder, carrying a wand of flame (foul pestilence, about 37% to evade your +1 dagger of venom)
You closely miss Grinder.
Grinder zaps a wand.
The puff of flame hits you!
You die...
Grinder says, "Now the real fun starts!"

........#..'...#.÷..#........##
.#...##.#..#..÷#.##.###.......#
...#....##'#.).÷.##.# #.......#
#..####.##.#####....###......)#
#....# ####...######..#.....##
.#.#w# <............(.##...##
.....# #..............######
.....## #!.........)...#
......# ........@.).)(.# ....#
####...#5..(((# ....#.#
###......(.# <.....# ##.......#
.##..... ..#.....# ... #...
...#..##... ##.. .. ###....#
... #.. ##.... .. .. .....


You could see Grinder.

Vanquished Creatures
  A yak (D:5)
  2 black bears
  An ice beast (D:5)
  An orc priest (D:3)
  A hound (D:5)
  2 iguanas
  2 gnolls (D:5)
  9 adders
  An ufetubus (D:5)
  4 worms
  3 dart slugs
  18 orcs
  4 ball pythons
  3 endoplasms
  4 giant cockroaches
  10 goblins
  5 hobgoblins
  3 jackals
  7 kobolds
  2 quokkas
  A bat (D:2)
  2 frilled lizards
  A rat (D:2)
87 creatures vanquished.

Notes
Turn   | Place    | Note
-------+----------+-------------------------------------------
     0 | D:1      | Danienth the Demonspawn Brigand began the quest for the
                  | Orb.
     0 | D:1      | Reached XP level 1. HP: 16/16 MP: 1/1
   150 | D:1      | Reached skill level 1 in Dodging
   153 | D:1      | Gained mutation: You may rarely emit foul miasma when
                  | damaged in melee. [demonic ancestry]
   153 | D:1      | Reached XP level 2. HP: 19/22 MP: 2/2
   455 | D:1      | Reached skill level 4 in Stealth
   498 | D:1      | Learned a level 1 spell: Sting
   775 | D:2      | Reached XP level 3. HP: 15/28 MP: 3/3
   999 | D:2      | Gained mutation: You have sharp toenails. [potion of
                  | mutation]
   999 | D:2      | Gained mutation: Your mind is acute. (Int +4, Str/Dex -1)
                  | [potion of mutation]
  1241 | D:2      | You fall into a shaft and drop 1 floor!
  1621 | D:2      | Lost mutation: You have sharp toenails. [demonic ancestry]
  1621 | D:2      | Gained mutation: You have large cloven feet. [demonic
                  | ancestry]
  1621 | D:2      | Reached XP level 4. HP: 18/34 MP: 4/4
  2017 | D:3      | Reached skill level 1 in Armour
  2017 | D:3      | Gained mutation: You sometimes emit foul miasma when
                  | damaged in melee. [demonic ancestry]
  2017 | D:3      | Reached XP level 5. HP: 19/40 MP: 5/5
  2468 | D:4      | Noticed a black bear
  2475 | D:4      | Killed a black bear
  2709 | D:4      | Found a staircase to the Ecumenical Temple.
  2714 | Temple   | Entered the Ecumenical Temple
  2920 | D:4      | Reached XP level 6. HP: 18/47 MP: 6/6
  3159 | D:4      | Found a runed translucent gate.
  3160 | D:4      | Found a runed translucent gate.
  3160 | D:4      | Found a runed translucent gate.
  3161 | D:4      | Noticed javelincjr's ghost (amateur DsSh)
  3641 | D:5      | Entered Level 5 of the Dungeon
  3784 | D:5      | Noticed a yak
  3911 | D:5      | Noticed an ice beast
  3946 | D:5      | Reached skill level 5 in Stealth
  3954 | D:5      | Killed an ice beast
  3955 | D:5      | Reached XP level 7. HP: 31/52 MP: 7/7
  4045 | D:5      | Killed a yak
  4313 | D:5      | Found an iron altar of Okawaru.
  4342 | D:5      | Noticed Grinder
  4443 | D:5      | Killed from afar by Grinder

Illustrated notes

Levels and vault maps discovered:
D:1:      nzn_arrival_crosshair, layout_basic, minmay_misc_feat_room,
          hangedman_decor_points
D:2:      layout_basic, minmay_quantized
D:3:      layout_basic, minmay_misc_feat_tower, nicolae_elevator_lobby_asterisk
D:4:      layout_loops_corners, minmay_temple_entry_glassed_door,
          ebering_ghost_rock_garden, serial_bayou_pond_e
D:5:      minmay_clustersquares, layout_rooms, mainiacjoe_overflow_chevrons,
          uniq_eustachio, uniq_grinder
Temple:   nicolae_temple_bog_church

Skill      XL: |  1  2  3  4  5  6  7 |
---------------+----------------------+-----
Dodging        | 1 2 3 |  3.3
Stealth        | 4 5 |  5.2
Short Blades   | 2 3 |  3.5
Armour         | 1 2 3 |  3.2
Fighting       | 3 |  3.8
Throwing       | 2 |  2.0
Shapeshifting  | |  0.7

Action                     |  1- 3 |  4- 6 |  7- 9 || total
---------------------------+-------+-------+-------++-------
  Melee: Dagger            |    96 |   173 |    21 ||   290
         Kick              |     5 |    67 |     6 ||    78
         Punch             |     2 |     3 |       ||     5
  Throw: Dart              |       |    13 |     9 ||    22
   Cast: Sting             |       |       |     6 ||     6
    Use: Scroll            |     3 |     4 |     5 ||    12
         Potion            |     1 |     1 |       ||     2
   Stab: Sleeping          |     8 |     7 |       ||    15
 Armour: Robe              |    26 |       |       ||    26
         Leather armour    |    14 |    87 |    17 ||   118
  Dodge: Dodged            |    43 |    92 |    10 ||   145

Table legend: (Time is in decaauts)
 A = Elapsed time spent in this place.
 B = Non-inter-level travel time spent in this place.
 C = Inter-level travel time spent in this place.
 D = Time resting spent in this place.
 E = Time spent auto-exploring this place.
 F = Levels seen in this place.
 G = Mean time per level.
                   A        B        C        D        E       F      G
               +--------+--------+--------+--------+--------+-----+--------+
         Total |   4408 |   4192 |    216 |    664 |   2740 |   6 |  734.7 |
       Dungeon |   4279 |   4183 |     96 |    664 |   2740 |   5 |  855.8 |
        Temple |    128 |      8 |    120 |      0 |      0 |   1 |  128.0 |
               +--------+--------+--------+--------+--------+-----+--------+

Top non-repeatable levels by time:
     D:2: 1115 daAuts
     D:4: 1042 daAuts
     D:5: 786 daAuts
     D:3: 747 daAuts
     D:1: 587 daAuts
  Temple: 128 daAuts
